 Dungeon Crawl Stone Soup version 0.25-a0-927-g39f137c8b7 (webtiles) character file.

Game seed: 6817424373613926220, levelgen mode: deterministic

45067 MrRokkomies the Hand of Fortune (level 13, -10/96 HPs)
             Began as a Vampire Ice Elementalist on Mar 22, 2020.
             Was the Champion of Nemelex Xobeh.
             Killed from afar by a frost giant (28 damage)
             ... with a bolt of cold
             ... on level 12 of the Dungeon on May 3, 2020.
             The game lasted 01:10:50 (19142 turns).

MrRokkomies the Hand of Fortune (VpIE)             Turns: 19142, Time: 01:10:51

Health: -10/96     AC: 19    Str: 10    XL:     13   Next: 99%
Magic:  14/22      EV: 19    Int: 19    God:    Nemelex Xobeh [******]
Gold:   839        SH:  5    Dex: 15    Spells: 1/16 levels left

rFire    . . .     SeeInvis +   a - +1 mace (protect)
rCold    . . .     Gourm    .   A - +0 buckler
rNeg     . . .     Faith    .   P - +1 steam dragon scales
rPois    +         Spirit   .   Z - +1 helmet
rElec    .         Reflect  .   K - +2 cloak {rPois}
rCorr    .         Harm     .   (no gloves)
MR       +....                  f - +1 pair of boots
Stlth    +++.......             B - amulet of regeneration
HPRegen  0.86/turn              (no ring)
MPRegen  0.18/turn              N - +6 ring of protection

@: regenerating quickly
A: no food, fangs 3, see invisible, unbreathing
a: Exsanguinate, Draw Escape, Draw Destruction, Draw Summoning, Triple Draw,
Deal Four, Stack Five, Renounce Religion


You were on level 12 of the Dungeon.
You worshipped Nemelex Xobeh.
Nemelex Xobeh was exalted by your worship.
You were alive.

You visited 3 branches of the dungeon, and saw 20 of its levels.
You also visited: Gauntlet.

You collected 1898 gold pieces.
You spent 1059 gold pieces at shops.

Inventory:

Hand Weapons
 a - a +1 mace of protection (weapon)
 e - a +1 hand axe of freezing
 h - a +1 dagger
 M - a +1 vorpal hunting sling
Missiles
 g - 420 stones
 p - 45 poisoned darts (quivered)
 r - 2 curare-tipped darts
 x - 64 sling bullets
Armour
 f - a +1 pair of boots (worn)
 A - a +0 buckler (worn)
 K - a +2 cloak of poison resistance (worn)
 P - +1 steam dragon scales (worn)
 Z - a +1 helmet (worn)
Magical Staves
 b - an uncursed staff of wizardry
Jewellery
 B - an amulet of regeneration (around neck)
 D - an uncursed ring of poison resistance
 F - a cursed amulet of inaccuracy {unknown}
 I - an uncursed amulet of rage {unknown}
 L - a +4 amulet of reflection
 N - a +6 ring of protection (right hand)
 T - an uncursed ring of resist corrosion
Wands
 l - a wand of enslavement (22)
 q - a wand of random effects (78)
 y - a wand of flame (32)
 E - a wand of digging (2)
 G - a wand of disintegration (27)
 Q - a wand of iceblast (3)
 R - a wand of polymorph (11)
Scrolls
 i - 2 scrolls of fear
 j - 7 scrolls of magic mapping
 k - a scroll of enchant armour
 s - a scroll of fog
 t - 8 scrolls of teleportation
 v - 6 scrolls of amnesia
 w - 6 scrolls of remove curse
 z - 3 scrolls of immolation
 S - a scroll of blinking
Potions
 c - 5 potions of brilliance
 d - 5 potions of lignification
 m - 7 potions of curing
 n - a potion of resistance {unknown}
 o - 4 potions of mutation
 u - 3 potions of magic
 C - a potion of might
 H - 2 potions of cancellation
 J - 3 potions of haste
 U - 2 potions of ambrosia
 X - a potion of flight
Miscellaneous
 O - a phantom mirror
 V - a lightning rod (4/4)
 W - a tin of tremorstones


   Skills:
 * Level 7.3 Fighting
 - Level 10.0 Dodging
 - Level 5.0 Stealth
 - Level 4.0 Shields
 - Level 2.0 Spellcasting
 * Level 11.9 Summonings
 - Level 10.0 Ice Magic
 + Level 13.1 Invocations


You had one spell level left.
You knew the following spells:

 Your Spells              Type           Power        Failure   Level  Hunger
a - Freeze                Ice            ####         1%          1    N/A
b - Frozen Ramparts       Ice            #####.       1%          3    N/A
c - Ozocubu's Armour      Chrm/Ice       ###.....     6%          3    N/A
d - Summon Ice Beast      Ice/Summ       #####...     1%          4    N/A
e - Summon Lightning Spi  Summ/Air       ###.....     14%         4    N/A

Your spell library contained the following spells:

 Spells                   Type           Power        Failure   Level  Hunger
 Beastly Appendage        Tmut           #.....       17%         1    N/A
 Corona                   Hex            #......      17%         1    N/A
 Infusion                 Chrm           #...         17%         1    N/A
 Pain                     Necr           #...         17%         1    N/A
 Ensorcelled Hibernation  Hex/Ice        ###...       3%          2    N/A
 Summon Guardian Golem    Hex/Summ       ###.....     4%          3    N/A
 Hailstorm                Conj/Ice       ###.....     22%         4    N/A
 Ice Form                 Ice/Tmut       ###.....     22%         4    N/A
 Slow                     Hex            #.......     26%         2    N/A
 Song of Slaying          Chrm           #.......     26%         2    N/A
 Sticks to Snakes         Tmut           #.......     26%         2    N/A
 Inner Flame              Hex/Fire       #.......     45%         3    N/A
 Portal Projectile        Hex/Tloc       #.....       45%         3    N/A
 Spider Form              Tmut/Pois      #.........   45%         3    N/A
 Cause Fear               Hex            #.........   86%         4    N/A
 Fulminant Prism          Conj/Hex       #.........   86%         4    N/A
 Leda's Liquefaction      Hex/Erth       #.........   86%         4    N/A
 Blade Hands              Tmut           #.........   99%         5    N/A
 Starburst                Conj/Fire      #.........   100%        6    N/A
 Ring of Flames           Chrm/Fire      #.........   100%        7    N/A
 Dragon's Call            Summ           #####.....   100%        9    N/A

Dungeon Overview and Level Annotations

Branches:
Dungeon (12/15)            Temple (0/1) D:6            Lair (6/6) D:8
 Shoals (0/4) Lair:2       Spider (0/4) Lair:4        Slime (0/5) Lair:6
    Orc (2/2) D:10            Elf (0/3) Orc:2       Gauntlet (visited)

Altars:
Ashenzari
Cheibriados
Elyvilon
Gozag
Hepliaklqana
Nemelex Xobeh
Ru
Sif Muna
Trog
Uskayaw
Wu Jian
Xom
Yredelemnul
Zin
Jiyva

Shops:
D:5 ?   D:9 [   D:10 *   Orc:1 :   Orc:2 !}:[


Innate Abilities, Weirdness & Mutations

You do not eat.
Your natural rate of healing is unusually fast.
You have razor-sharp teeth.
You have supernaturally acute eyesight. (SInv)
You can survive without breathing.


Message History

MrRokkomies's illusion hits the frost giant!
Your yaktaur hits the frost giant.
You draw a card...
You have drawn the Rangers.
Your yaktaur wields a +0 arbalest.
Your yaktaur shoots a bolt.
The bolt hits the frost giant!!
The bolt disappears in a puff of smoke!
What are your orders? t - Shout!
Orders for allies: a - Attack new target. p - Attack previous target. r - Retreat! s - Stop attacking. g - Guard the area. f - Follow me.
Anything else - Cancel.
Gang up on whom?
Press: ? - help, Dir - move target cursor, f/p - frost giant
Aim: a frost giant, wielding a +2 battleaxe of freezing (almost dead) Attack!
The frost giant points at you and mumbles some strange words.
The bolt of cold hits you!!
You die...
Your body glows with a rainbow of weird colours and disappears.

## #.).. .# #.#
#).###.# #.##).<.≈≈#
#..(÷(.()##########
##÷##(##(###......#
#.##.#)(.).......#
#.##..c.....####.##
#.####@...c.#......
#......C...@..#
#......###c.####.#
#.###..###.......#
.#####(###.(..........#
.........#)############
######(#.#)# #.#.#.#
#(....# ####(.###


You could see a frost giant, 3 friendly yaktaurs and the friendly MrRokkomies's
illusion.

Vanquished Creatures
  Kirke (Lair:5)
  An orc warlord (Orc:1)
  A minotaur (Gauntlet)
  A fire dragon (Lair:6)
  3 hydras
  2 two-headed ogres (D:12)
  3 orc high priests (Orc:2)
  Nergalle (Lair:3)
  An orange crystal statue (Gauntlet)
  4 orc knights (Orc:2)
  An oklob plant (Lair:3)
  2 cyclopes (D:12)
  5 orc sorcerers
  2 manticores
  3 black mambas
  A merfolk siren (Lair:2)
  A black mamba (shapeshifter) (D:12)
  6 spiny frogs
  2 rime drakes
  8 komodo dragons
  A troll (Orc:1)
  6 hippogriffs
  3 blink frogs (Lair:6)
  A shadow (D:11)
  2 redbacks (Lair:4)
  A wyvern (Lair:4)
  A human (D:7)
  3 basilisks
  4 hogs
  31 yaks
  2 steam dragons
  2 hungry ghosts
  A warg (D:5)
  An acid dragon (Lair:6)
  7 water moccasins
  3 porcupines
  19 orc warriors
  2 phantoms
  4 swamp drakes
  A hornet zombie (D:11)
  12 ogres
  2 ice beasts
  2 black bears
  3 sky beasts
  3 wolves (Lair:6)
  A tengu (Orc:1)
  10 centaurs
  A big kobold (D:7)
  16 crocodiles
  9 bullfrogs
  4 scorpions
  5 killer bees (D:10)
  6 wights
  2 howler monkeys
  An electric eel (Lair:5)
  8 crimson imps
  3 bullfrog zombies
  3 centaur skeletons
  3 jellies
  19 orc priests
  2 hounds
  An iron imp (D:5)
  9 iguanas
  21 orc wizards
  6 worker ants
  Natasha (thrice) (D:2)
  4 hell rats (Lair:6)
  A hound zombie (D:11)
  A worker ant zombie (D:11)
  A gnoll (D:1)
  13 adders
  A river rat (D:5)
  3 shadow imps
  3 oozes
  2 adder zombies (D:9)
  4 worms
  An adder skeleton (D:9)
  4 dart slugs
  6 leopard geckos
  53 orcs
  12 bats
  5 giant cockroaches
  11 goblins
  8 hobgoblins
  6 jackals
  10 kobolds
  2 quokkas
  3 ball pythons
  A ball python skeleton (D:4)
  4 frilled lizards
  A leopard gecko skeleton (D:6)
  A leopard gecko zombie (D:5)
  11 rats
  A spectral orc (D:3)
  A fungus (Lair:3)
473 creatures vanquished.

Vanquished Creatures (collateral kills)
  A hell beast (Gauntlet)
  4 death yaks (Lair:5)
  A swamp dragon (Lair:6)
  4 oklob plants (Lair:3)
  A cyclops (Orc:2)
  2 slime creatures (Gauntlet)
  A yak (D:12)
  A basilisk (Lair:6)
  A hog (Lair:5)
  An acid dragon (Lair:6)
  Duvessa (D:6)
  An orc warrior (Orc:2)
  A crocodile (Lair:5)
  Dowan (D:6)
  A quasit (D:6)
  An orc wizard (Orc:2)
  An adder (D:6)
  An orc (D:12)
  2 butterflies (Lair:5)
27 creatures vanquished.

Vanquished Creatures (others)
  A wizard (D:6)
  15 fungi
  13 plants
29 creatures vanquished.

Grand Total: 529 creatures vanquished

Notes
Turn   | Place    | Note
-------+----------+-------------------------------------------
     0 | D:1      | MrRokkomies the Vampire Ice Elementalist began the quest
                  | for the Orb.
     0 | D:1      | Reached XP level 1. HP: 13/13 MP: 3/3
   104 | D:1      | Reached XP level 2. HP: 19/19 MP: 1/5
   518 | D:1      | Reached XP level 3. HP: 24/24 MP: 3/6
   723 | D:2      | Learned a level 3 spell: Frozen Ramparts
   819 | D:2      | Noticed Natasha
   826 | D:2      | Killed Natasha
   826 | D:2      | Reached XP level 4. HP: 30/30 MP: 1/7
   922 | D:2      | Found a snail-covered altar of Cheibriados.
   922 | D:2      | Found a white marble altar of Elyvilon.
   980 | D:2      | Noticed Natasha
   994 | D:2      | Killed Natasha
   994 | D:2      | Reached skill level 5 in Ice Magic
  1058 | D:2      | Found a sparkling altar of Nemelex Xobeh.
  1067 | D:2      | Became a worshipper of Nemelex Xobeh the Trickster
  1180 | D:2      | Received a gift from Nemelex Xobeh
  1188 | D:2      | Reached XP level 5. HP: 33/35 MP: 5/8
  1218 | D:2      | Found a shattered altar of Ashenzari.
  1277 | D:2      | Noticed Natasha
  1292 | D:2      | Killed Natasha
  1360 | D:2      | Found a shimmering blue altar of Sif Muna.
  1660 | D:3      | Reached skill level 1 in Invocations
  1772 | D:3      | Found a basalt altar of Yredelemnul.
  1985 | D:3      | Found a sacrificial altar of Ru.
  2017 | D:3      | Reached * piety under Nemelex Xobeh
  2046 | D:3      | Found a glowing silver altar of Zin.
  2047 | D:3      | Found an opulent altar of Gozag.
  2342 | D:4      | Found a shimmering altar of Xom.
  2353 | D:4      | Reached skill level 5 in Stealth
  2353 | D:4      | Reached XP level 6. HP: 12/41 MP: 5/9
  2536 | D:4      | Reached skill level 2 in Invocations
  2921 | D:4      | Received a gift from Nemelex Xobeh
  3086 | D:4      | Learned a level 3 spell: Ozocubu's Armour
  3097 | D:5      | Entered Level 5 of the Dungeon
  3102 | D:5      | Reached XP level 7. HP: 46/46 MP: 6/10
  3146 | D:5      | Upgraded the game from 0.25-a0-651-g8c222c7a2b to
                  | 0.25-a0-869-g05d4e06a41
  3253 | D:5      | Reached skill level 3 in Invocations
  3279 | D:5      | Reached skill level 5 in Dodging
  3392 | D:5      | Found Burydi's Magic Scroll Shop.
  3407 | D:5      | Noticed Grinder
  3419 | D:5      | Paralysed by Grinder for 7 turns
  3524 | D:5      | Paralysed by Grinder for 4 turns
  3529 | D:5      | Noticed a hog
  3529 | D:5      | an eye of draining changed into a hog
  3532 | D:5      | Noticed Grinder
  3532 | D:5      | Grinder changed into Grinder the iron imp
  3532 | D:5      | a hog changed into a worm
  3534 | D:5      | Killed Grinder the iron imp
  3664 | D:5      | Reached skill level 4 in Invocations
  3738 | D:5      | Received a gift from Nemelex Xobeh
  3760 | D:5      | Reached ** piety under Nemelex Xobeh
  3867 | D:5      | Reached XP level 8. HP: 52/52 MP: 11/11
  4710 | D:6      | Noticed Duvessa
  4710 | D:6      | Noticed Dowan
  4758 | D:5      | Reached skill level 5 in Invocations
  4860 | D:6      | Killed Duvessa
  4862 | D:6      | Killed Dowan
  4912 | D:6      | Found a staircase to the Ecumenical Temple.
  4940 | D:6      | Received a gift from Nemelex Xobeh
  5206 | D:6      | Found a bloodstained altar of Trog.
  5207 | D:6      | Noticed a wizard
  5212 | D:6      | Killed a wizard
  5257 | D:6      | Reached skill level 6 in Invocations
  5257 | D:6      | Reached XP level 9. HP: 55/57 MP: 13/13
  5314 | D:6      | Received a gift from Nemelex Xobeh
  5629 | D:7      | Reached *** piety under Nemelex Xobeh
  5958 | D:7      | Found a hide-covered altar of Uskayaw.
  6100 | D:7      | Received a gift from Nemelex Xobeh
  6493 | D:7      | Found an ornate altar of the Wu Jian Council.
  6585 | D:7      | Reached skill level 7 in Invocations
  6603 | D:7      | Learned a level 4 spell: Summon Ice Beast
  6901 | D:8      | Found a staircase to the Lair.
  6992 | D:8      | Reached skill level 1 in Summonings
  7034 | D:8      | Received a gift from Nemelex Xobeh
  7213 | D:8      | Reached XP level 10. HP: 57/63 MP: 15/15
  7395 | Lair:1   | Entered Level 1 of the Lair of Beasts
  7410 | Lair:1   | Reached skill level 10 in Ice Magic
  7417 | Lair:1   | Reached skill level 8 in Invocations
  8068 | Lair:1   | Received a gift from Nemelex Xobeh
  8300 | Lair:2   | Reached **** piety under Nemelex Xobeh
  8310 | Lair:2   | Found a gate leading to a gauntlet.
  8319 | Gauntlet | Entered a Gauntlet
  8319 | Gauntlet | Found a transporter.
  8319 | Gauntlet | Found a transporter.
  8322 | Gauntlet | Found a transporter.
  8322 | Gauntlet | Found a transporter.
  8324 | Gauntlet | Found a transporter.
  8359 | Gauntlet | Noticed a hell beast
  8361 | Gauntlet | Found a transporter.
  8362 | Gauntlet | Found a transporter.
  8362 | Gauntlet | Found a transporter.
  8364 | Gauntlet | Noticed an eight-headed hydra
  8369 | Gauntlet | Noticed a torpor snail
  8379 | Gauntlet | Found a transporter.
  8391 | Gauntlet | Found a transporter.
  8394 | Gauntlet | Noticed a wretched star
  8401 | Gauntlet | Found a transporter.
  8401 | Gauntlet | Noticed an orange crystal statue
  8416 | Gauntlet | Found a transporter.
  8446 | Gauntlet | Found a transporter.
  8463 | Gauntlet | Found a transporter.
  8596 | Gauntlet | Killed a hell beast
  8596 | Gauntlet | Reached skill level 9 in Invocations
  8605 | Gauntlet | Identified Sif Muna's Tome of Supportive Necromancy
  8629 | Gauntlet | Noticed a smoke demon
  8629 | Gauntlet | Killed an orange crystal statue
  8632 | Gauntlet | Got a pair of transparent gloves
  8641 | Gauntlet | Identified the -4 pair of gloves "Maredd" {rPois Dex+4}
                  | (You found it in a Gauntlet)
  8697 | Gauntlet | Received a gift from Nemelex Xobeh
  8713 | Gauntlet | Noticed a minotaur
  8716 | Gauntlet | Killed a minotaur
  8742 | Lair:2   | Upgraded the game from 0.25-a0-869-g05d4e06a41 to
                  | 0.25-a0-886-gd7461d2276
  8845 | Lair:2   | Reached XP level 11. HP: 41/68 MP: 10/18
  8884 | Lair:2   | Found a basalt altar of Yredelemnul.
  9180 | Lair:2   | Found a staircase to the Shoals.
  9536 | Lair:3   | Received a gift from Nemelex Xobeh
  9561 | Lair:3   | Noticed Nergalle
  9736 | Lair:3   | Killed Nergalle
  9736 | Lair:3   | Reached skill level 5 in Summonings
  9736 | Lair:3   | Reached skill level 10 in Invocations
  9875 | Lair:3   | Received a gift from Nemelex Xobeh
 10044 | Lair:3   | Noticed an oklob plant
 10044 | Lair:3   | Noticed an oklob plant
 10044 | Lair:3   | Noticed an oklob plant
 10044 | Lair:3   | Noticed an oklob plant
 10056 | Lair:3   | Killed an oklob plant
 10058 | Lair:3   | Killed an oklob plant
 10062 | Lair:3   | Killed an oklob plant
 10065 | Lair:3   | Killed an oklob plant
 10077 | Lair:3   | Identified the Volume of the Trilobite
 10382 | Lair:3   | Reached skill level 10 in Dodging
 10518 | Lair:3   | Received a gift from Nemelex Xobeh
 10574 | Lair:3   | Noticed an oklob plant
 10581 | Lair:3   | Killed an oklob plant
 10581 | Lair:3   | Reached skill level 1 in Shields
 10839 | Lair:4   | Received a gift from Nemelex Xobeh
 10848 | Lair:4   | Reached skill level 11 in Invocations
 11201 | Lair:4   | Reached XP level 12. HP: 56/74 MP: 7/20
 11424 | Lair:4   | Received a gift from Nemelex Xobeh
 11488 | Lair:4   | Found a hole to the Spider Nest.
 11645 | Lair:5   | Reached ***** piety under Nemelex Xobeh
 11804 | Lair:5   | Noticed a seven-headed hydra
 11806 | Lair:5   | Killed a seven-headed hydra
 12096 | Lair:5   | Noticed a death yak
 12097 | Lair:5   | Noticed a death yak
 12098 | Lair:5   | Received a gift from Nemelex Xobeh
 12098 | Lair:5   | Noticed a death yak
 12112 | Lair:5   | Noticed a death yak
 12129 | Lair:5   | Killed a death yak
 12138 | Lair:5   | Killed a death yak
 12151 | Lair:5   | Killed a death yak
 12158 | Lair:5   | Killed a death yak
 12225 | Lair:5   | Reached skill level 12 in Invocations
 12244 | Lair:5   | Noticed Kirke
 12257 | Lair:5   | Killed Kirke
 12318 | Lair:5   | Identified the Papyrus of the Rocks and Ignition
 12599 | Lair:6   | Entered Level 6 of the Lair of Beasts
 12605 | Lair:6   | Learned a level 4 spell: Summon Lightning Spire
 12608 | Lair:6   | Noticed a seven-headed hydra
 12628 | Lair:6   | Noticed a four-headed hydra
 12647 | Lair:6   | Received a gift from Nemelex Xobeh
 12717 | Lair:5   | Upgraded the game from 0.25-a0-886-gd7461d2276 to
                  | 0.25-a0-927-g39f137c8b7
 12742 | Lair:6   | Killed a four-headed hydra
 12742 | Lair:6   | Reached skill level 1 in Fighting
 12746 | Lair:6   | Killed a seven-headed hydra
 13053 | Lair:6   | Received a gift from Nemelex Xobeh
 13384 | Lair:6   | Reached skill level 10 in Summonings
 13424 | Lair:6   | Reached XP level 13. HP: 79/87 MP: 19/22
 13493 | Lair:6   | Received a gift from Nemelex Xobeh
 14287 | Lair:6   | Noticed a fire dragon
 14506 | Lair:6   | Killed a fire dragon
 14897 | Lair:6   | Found a viscous altar of Jiyva.
 14897 | Lair:6   | Found a staircase to the Slime Pits.
 15118 | D:9      | Found Munlog's Antique Armour Boutique.
 15186 | D:9      | Reached ****** piety under Nemelex Xobeh
 15186 | D:9      | Received a gift from Nemelex Xobeh
 15538 | D:10     | Entered Level 10 of the Dungeon
 15542 | D:10     | Found Oquyleuv's General Store.
 15606 | D:10     | Bought a lightning rod (4/4) for 520 gold pieces
 15606 | D:10     | Bought a tin of tremorstones for 195 gold pieces
 15765 | D:10     | Received a gift from Nemelex Xobeh
 15777 | D:10     | Found a staircase to the Orcish Mines.
 16343 | Orc:1    | Entered Level 1 of the Orcish Mines
 16389 | Orc:1    | Found Wojeezo's Book Boutique.
 16497 | Orc:1    | Noticed an orc warlord
 16504 | Orc:1    | Killed an orc warlord
 16504 | Orc:1    | Reached skill level 5 in Fighting
 16951 | Orc:2    | Entered Level 2 of the Orcish Mines
 16954 | Orc:2    | Found a staircase to the Elven Halls.
 17144 | Orc:2    | Found Juppao's Distillery.
 17383 | Orc:2    | Found Xop Namonn's Gadget Shop.
 17389 | Orc:2    | Paralysed by an orc sorcerer for 7 turns
 17408 | Orc:2    | Found Kucwybase's Book Shop.
 17410 | Orc:2    | Found Ylamaetu's Antique Armour Emporium.
 17418 | Orc:2    | Bought a runed cloak for 172 gold pieces
 17418 | Orc:2    | Bought a glowing helmet for 172 gold pieces
 17628 | Orc:2    | Received a gift from Nemelex Xobeh
 17644 | Orc:2    | Reached skill level 13 in Invocations
 18075 | D:11     | Found a hazy altar of Hepliaklqana.
 18158 | D:11     | Received a gift from Nemelex Xobeh
 19124 | D:12     | Noticed a frost giant
 19142 | D:12     | Killed from afar by a frost giant

Levels and vault maps discovered:
D:1:      psy_arrival_terrarium, layout_basic
D:2:      layout_loops_ring, led_sif_pool, lemuel_crystal_altar,
          nemelex_xobeh_ov_fountains_minmay, gammafunk_temple_overflow_pools,
          uniq_natasha
D:3:      layout_basic, grunt_temple_overflow_gold_and_silver,
          yredelemnul_forgotten_temple_becter, first_ration,
          nicolae_ru_awakened_eye
D:4:      layout_loops_ring, led_xom_imps
D:5:      layout_loops_corners, serial_shops, nicolae_shop_behind_doors,
          uniq_grinder
D:6:      layout_rooms, minmay_temple_entry_junction, minmay_tree_intersection,
          trog_wizard, uniq_duvessa
D:7:      layout_basic, eat_drink_and_be_merry_uskayaw, basic_altar,
          grunt_livestock
D:8:      layout_loops_ring, lair_entry_dummy
D:9:      layout_basic, serial_shops, shop
D:10:     layout_long_grid, orc_0_dummy, serial_shops, shop
D:11:     layout_basic, basic_altar
D:12:     minmay_mutant_horseshoe, layout_loops_cross,
          ploomutoo_gammafunk_ghost_potion_laboratory, uniq_frances
Lair:1:   layout_loops_ring
Lair:2:   layout_chaotic_city, minmay_shoals_entry_lonely_mermaid,
          gauntlet_entry_generic, basic_altar
Lair:3:   layout_loops_ring, ldierk_geyser, minmay_lair_oklob_chamber,
          uniq_nergalle
Lair:4:   layout_cave_shapes, spider_nest_entry_webs, grunt_megastairs_2
Lair:5:   layout_regular_city, eino_small_chamber_without_monster,
          nicolae_quartered_pool_super, grunt_megastairs_5, lemuel_fruit_tree,
          lemuel_fruit_fields, infiniplex_staircase_pool, uniq_kirke
Lair:6:   guppyfry_lair_end_dragon, layout_gridlike,
          dpeg_slime_entry_enclosed_altar
Orc:1:    layout_caves, serial_shops, nicolae_shop_crystal
Orc:2:    st_orc_elflike, layout_caves

Skill      XL: |  1  2  3  4  5  6  7  8  9 10 11 12 13 |
---------------+----------------------------------------+-----
Dodging        | 3 4 5 6 7 9 10 | 10.0
Stealth        | 4 5 |  5.0
Ice Magic      | 5 6 7 8 9 10 | 10.0
Invocations    | 1 2 4 6 7 9 11 12 13 | 13.1
Summonings     | 1 4 7 10 11 | 11.9
Shields        | 2 4 |  4.0
Fighting       | 3 7 |  7.3
Spellcasting   | |  2.0

Action                   |  1- 3 |  4- 6 |  7- 9 | 10-12 | 13-15 || total
-------------------------+-------+-------+-------+-------+-------++-------
Melee: Unarmed           |    15 |       |       |       |       ||    15
       Bite              |     4 |    16 |    50 |    19 |    45 ||   134
       Dagger            |    27 |    92 |       |     1 |       ||   120
       Hand axe          |       |    39 |   365 |    85 |       ||   489
       Mace              |       |       |       |   102 |   454 ||   556
       Staff             |       |       |       |     2 |       ||     2
Throw: Dart              |       |     5 |       |    22 |    17 ||    44
 Cast: Freeze            |    25 |    25 |    10 |   235 |   155 ||   450
       Frozen Ramparts   |     1 |     8 |    14 |    37 |    39 ||    99
       Ozocubu's Armour  |       |       |       |     5 |       ||     5
       Summon Ice Beast  |       |       |       |     3 |    13 ||    16
       Summon Lightning  |       |       |       |     1 |     2 ||     3
Invok: Draw Destruction  |       |       |    14 |    19 |    13 ||    46
       Draw Summoning    |       |       |     1 |     7 |     4 ||    12
       Deal Four         |       |       |       |     3 |     1 ||     4
       Triple Draw       |       |       |       |     1 |       ||     1
       Draw Escape       |       |       |       |     3 |       ||     3
  Use: Scroll            |       |    14 |     6 |    13 |     5 ||    38
       Potion            |       |       |     2 |     1 |     1 ||     4
 Stab: Sleeping          |     7 |    15 |    13 |     4 |     2 ||    41
       Petrified         |       |       |       |     4 |       ||     4
Armor: Robe              |    17 |    30 |    62 |    32 |       ||   141
       Steam dragon scal |       |       |       |    98 |   183 ||   281
Dodge: Dodged            |    39 |   108 |   307 |   381 |   663 ||  1498
Block: Buckler           |       |       |    12 |    81 |   196 ||   289

Table legend:
 A = Non-vault XP
 B = Vault XP
 C = Vault XP percentage of total XP
 D = Non-vault monster count
 E = Vault monster count
 F = Vault count percentage of total count
                 A         B        C        D         E       F
            +---------+---------+-------+---------+---------+-------
      Total |   42049 |   22333 |  34.7 |     419 |      78 |  15.7
            +---------+---------+-------+---------+---------+-------
        D:1 |      50 |       0 |   0.0 |      20 |       0 |   0.0
        D:2 |     167 |      35 |  17.3 |      34 |       1 |   2.9
        D:3 |      62 |       1 |   1.6 |      20 |       1 |   4.8
        D:4 |     189 |     200 |  51.4 |       6 |       4 |  40.0
        D:5 |    1331 |      39 |   2.8 |      28 |       1 |   3.4
        D:6 |    1068 |     134 |  11.1 |      22 |       2 |   8.3
        D:7 |     523 |     952 |  64.5 |      14 |       5 |  26.3
        D:8 |     844 |       0 |   0.0 |      16 |       0 |   0.0
        D:9 |     793 |       0 |   0.0 |      12 |       0 |   0.0
       D:10 |    1374 |       0 |   0.0 |      31 |       0 |   0.0
       D:11 |    1610 |       0 |   0.0 |      14 |       0 |   0.0
       D:12 |    4939 |     993 |  16.7 |      30 |       2 |   6.2
     Lair:1 |    2450 |       0 |   0.0 |      14 |       0 |   0.0
     Lair:2 |     827 |     466 |  36.0 |       4 |       1 |  20.0
     Lair:3 |    2993 |    2658 |  47.0 |      12 |       8 |  40.0
     Lair:4 |    6027 |     568 |   8.6 |      25 |       3 |  10.7
     Lair:5 |    4637 |    2399 |  34.1 |      15 |       4 |  21.1
     Lair:6 |    6465 |    3466 |  34.9 |      28 |      16 |  36.4
      Orc:1 |    4487 |       0 |   0.0 |      56 |       0 |   0.0
      Orc:2 |     953 |    7896 |  89.2 |      16 |      25 |  61.0
   Gauntlet |     260 |    2526 |  90.7 |       2 |       5 |  71.4
            +---------+---------+-------+---------+---------+-------
